 Dungeon Crawl Stone Soup version 0.22-a0-423-g4197694 (webtiles) character file.

59 Kairos the Charmwright (level 4, -1/34 HPs)
             Began as a Barachi Skald on May 23, 2018.
             Slain by Sigmund
             ... wielding a +2 vampiric scythe
              (7 damage)
             ... on level 2 of the Dungeon.
             The game lasted 00:02:59 (1765 turns).

Kairos the Charmwright (Barachi Skald)              Turns: 1765, Time: 00:03:00

Health: -1/34      AC:  5    Str: 13    XL:     4   Next: 3%
Magic:  7/7        EV: 11    Int: 14    God:
Gold:   52         SH:  0    Dex: 11    Spells: 6/7 levels left

rFire    . . .     SeeInvis .   m - +2 hand axe (vamp)
rCold    . . .     Gourm    .   (no shield)
rNeg     . . .     Faith    .   p - +0 ring mail
rPois    .         Spirit   .   (no helmet)
rElec    .         Reflect  .   (no cloak)
rCorr    .         Harm     .   d - -1 pair of gloves (curse)
MR       .....                  (no boots)
Stlth    +.........             i - amulet of magic regeneration
HPRegen  0.11/turn              (no ring)
MPRegen  0.35/turn              (no ring)

@: infused, slow
A: +LOS, swims, slowness 1, strong legs 1
a: Hop


You were on level 2 of the Dungeon.
You were not hungry.

You visited 1 branch of the dungeon, and saw 2 of its levels.

You collected 52 gold pieces.

Inventory:

Hand Weapons
 a - a +0 spear
 m - a +2 vampiric hand axe (weapon)
Armour
 b - a +0 leather armour
 d - a cursed -1 pair of gloves (worn)
 p - a +0 ring mail (worn)
Jewellery
 i - an amulet of magic regeneration (around neck)
Scrolls
 c - a scroll of identify {unknown}
 e - a scroll of remove curse {unknown}
 f - a scroll of teleportation {unknown}
 g - a scroll of enchant weapon {unknown}
 l - a scroll of random uselessness {unknown}
 n - a scroll of immolation {unknown}
Potions
 h - 2 potions of heal wounds {unknown}
 j - a potion of agility {unknown}
 k - a potion of lignification {unknown}
 q - a potion of mutation {unknown}
Comestibles
 o - a ration


   Skills:
 + Level 2.7 Fighting
 + Level 1.0(2.0) Axes
 + Level 2.5(2.6) Polearms
 + Level 2.3 Armour
 + Level 2.5 Dodging
 + Level 2.4 Spellcasting
 + Level 3.7 Charms


You had 6 spell levels left.
You knew the following spells:

 Your Spells              Type           Power        Failure   Level  Hunger
a - Infusion              Chrm           ##..         11%         1    #......

Your spell library contained the following spells:

 Spells                   Type           Power        Failure   Level  Hunger
 Regeneration             Chrm/Necr      #.........   56%         3    ###....
 Shroud of Golubria       Chrm/Tloc      #.........   34%         2    ###....
 Song of Slaying          Chrm           ##......     16%         2    ###....
 Spectral Weapon          Hex/Chrm       #.......     56%         3    ###....


Dungeon Overview and Level Annotations

Branches:
Dungeon (2/15)

Altars:

Annotations:
D:2 Sigmund


Innate Abilities, Weirdness & Mutations

Shadows flee at your approach. (+LOS)
You can swim through water.
You cover ground slowly.
You can hop short distances.


Message History

Sigmund barely misses you.
You closely miss Sigmund.
Sigmund drinks a potion.
Sigmund flickers and vanishes!
You hit something.
You hear some strange, mumbled words.
Something tries to affect you, but you resist.
You hit something.
You feel better. Something hits you.
You closely miss something. Something hits you!
You barely miss something. You miss something.
Something hits you but does no damage.
You closely miss something.
An ooze comes into view.
Something hits you!
Your ring mail prevents you from hitting something.
The ooze quivers.
Something hits you.
* * * LOW HITPOINT WARNING * * *
Unknown command.
Something hits you!
You die...

...##. #..#.#.#.#.#....##########
...##..#..#.#.#.#.#............)
'### ..................#########
.# #.##...#.#.#.##..... .#
#.#......[............. .#
#.##..##...#.#..###.##.### .#
#.##..##...#.............# .#
#.##..##............##.#.# .#
#.#...##...@.............#
.#####............{..J...##...###
..............#####..#..........
.#######.#...........#.#.####.###
...............................<.
.#######.##.#.####...#.######.#.#
.# #......# #............... .#
#..#.### #..##.##.#.#.#.# .# #..#
# #..........#.#.#


You could see an ooze.

Vanquished Creatures
  3 adders (D:2)
  A worm (D:2)
  3 leopard geckos (D:1)
  A giant cockroach (D:2)
  3 goblins
  2 hobgoblins (D:1)
  3 jackals (D:1)
  A ball python (D:2)
  2 bats
  A frilled lizard (D:1)
  5 kobolds
  2 rats (D:2)
27 creatures vanquished.

Notes
Turn   | Place    | Note
-------+----------+-------------------------------------------
     0 | D:1      | Kairos the Barachi Skald began the quest for the Orb.
     0 | D:1      | Reached XP level 1. HP: 17/17 MP: 3/3
   126 | D:1      | Reached XP level 2. HP: 22/23 MP: 5/5
   699 | D:2      | Reached XP level 3. HP: 25/28 MP: 6/6
  1384 | D:2      | Noticed Sigmund
  1742 | D:2      | Reached XP level 4. HP: 29/34 MP: 7/7
  1743 | D:2      | Reached skill level 1 in Axes
  1765 | D:2      | Slain by Sigmund

Vault maps used:
D:1:      sevenhm_arrival_forest_fort_small_5
D:2:      minmay_misc_feat_nine_boxes, uniq_sigmund

Skill      XL: |  1  2  3  4 |
---------------+-------------+-----
Armour         | 2 |  2.3
Axes           | 1 |  1.0
Fighting       | |  2.7
Polearms       | |  2.5
Dodging        | |  2.5
Spellcasting   | |  2.4
Charms         | |  3.7

Action                   |  1- 3 |  4- 6 || total
-------------------------+-------+-------++-------
Melee: Spear             |    58 |       ||    58
       Hand axe          |    65 |     9 ||    74
 Cast: Infusion          |     1 |     1 ||     2
  Use: Potion            |     1 |       ||     1
 Stab: Sleeping          |     1 |       ||     1
  Eat: Ration            |     2 |       ||     2
       Chunk             |     2 |       ||     2
Armor: Leather armour    |    30 |       ||    30
       Ring mail         |     5 |     1 ||     6
Dodge: Dodged            |    91 |     2 ||    93

Table legend:
 A = Spawn XP
 B = Non-spawn XP
 C = Spawn XP percentage of total XP
 D = Spawn monster count
 E = Non-spawn monster count
 F = Spawn count percentage of total count
 G = Total turns spent on level
                    A         B        C        D         E        F      G
               +---------+---------+-------+---------+---------+-------+---------
         Total |       0 |      85 |   0.0 |       0 |      27 |   0.0 |  1765
               +---------+---------+-------+---------+---------+-------+---------
           D:1 |       0 |      28 |   0.0 |       0 |      14 |   0.0 |   879
           D:2 |       0 |      57 |   0.0 |       0 |      13 |   0.0 |   886
               +---------+---------+-------+---------+---------+-------+---------
